 Dungeon Crawl Stone Soup version 0.30-a0-859-gf88a04b62d (webtiles) character file.

Game seed: 14479239512486952899

2002 ytrimaz the Protected (level 9, -8/67 HPs)
             Began as a Formicid Fighter on Mar 6, 2023.
             Was an Initiate of Okawaru.
             Mangled by Pikel
             ... wielding a +0 whip of electrocution
              (15 damage)
             ... on level 6 of the Dungeon.
             The game lasted 00:12:04 (8481 turns).

ytrimaz the Protected (Formicid Fighter)            Turns: 8481, Time: 00:12:05

Health: -8/67      AC: 19    Str: 26    XL:     9   Next: 45%
Magic:  9/9        EV:  7    Int:  7    God:    Okawaru [......]
Gold:   320        SH:  0    Dex: 13    Spells: 8/8 levels left

rFire   . . .      SeeInvis +    a - +0 war axe (spect)
rCold   . . .      Faith    .    c - +0 buckler
rNeg    . . .      Spirit   .    A - +0 plate armour
rPois   +          Reflect  .    (helmet unavailable)
rElec   .          Rampage  .    u - +2 cloak {rPois}
rCorr   .                        (no gloves)
Will    .....                    n - +0 pair of boots Stlth
                                 (no amulet)
HPRegen 0.31/turn                m - ring of poison resistance
MPRegen 0.11/turn                (no ring)

@: confused, ambrosia-drunk
A: permanent stasis, dig shafts and tunnels, antennae 3, four strong arms
a: Dig, Shaft Self, Renounce Religion


You were on level 6 of the Dungeon.
You worshipped Okawaru.
Okawaru was noncommittal.
You visited 2 branches of the dungeon, and saw 8 of its levels.

You collected 320 gold pieces.


Innate Abilities, Weirdness & Mutations

You cannot be hasted, slowed, berserked, paralysed or teleported.
You can dig through walls and to a lower floor.
You have a pair of large antennae on your head. (SInv)
Your four strong arms can wield two-handed weapons with a shield.


   Skills:
 + Level 4.9 Fighting
 + Level 8.2 Axes
 + Level 9.4 Armour
 - Level 4.0 Shields


You had 8 spell levels left.
You didn't know any spells.
Your spell library contained the following spells:

 Spells                   Type           Power      Damage    Failure   Level
 Freeze                   Ice            0%         1d3       99%         1
 Necrotise                Necr           0%         1d4       99%         1
 Frozen Ramparts          Ice            0%         1d1       100%        3
 Hailstorm                Conj/Ice       0%         3d3       100%        3
 Ice Form                 Ice/Tmut       0%         N/A       100%        4
 Summon Ice Beast         Ice/Summ       Unusable   N/A       N/A         4

Inventory:

Hand Weapons
 a - a +0 spectral war axe (weapon)
Missiles
 j - 2 throwing nets
Armour
 c - a +0 buckler (worn)
 e - a +0 kite shield
   (You took it off an orc warrior on level 5 of the Dungeon)
 n - a +0 pair of boots (worn)
   (You found it on level 3 of the Dungeon)
 u - a +2 cloak of poison resistance (worn)
   (You took it off Crazy Yiuf on level 5 of the Dungeon)
 A - a +0 plate armour (worn)
   (You found it on level 7 of the Dungeon)
Jewellery
 m - a ring of poison resistance (left hand)
   (You found it on level 4 of the Dungeon)
Wands
 w - a wand of flame (8) (quivered)
   (You found it on level 6 of the Dungeon)
Scrolls
 b - a scroll of identify
 f - 3 scrolls of poison
 q - 2 scrolls of magic mapping
 s - a scroll of fog
Potions
 g - a potion of lignification {unknown}
 h - 2 potions of haste {unknown}
 i - a potion of flight {unknown}
 k - 4 potions of attraction
 l - 3 potions of brilliance
 o - a potion of invisibility {unknown}
 p - 6 potions of curing {unknown}
 r - 3 potions of berserk rage {unknown}
 v - a potion of resistance {unknown}

Dungeon Overview and Level Annotations

Branches:
Dungeon (7/15) Zot: 25724  Temple (1/1) D:7 Zot: 5764

Altars:
Ashenzari
Dithmenos
Elyvilon
Fedhas
Gozag
Hepliaklqana
Kikubaaqudgha
Nemelex Xobeh
Okawaru
Qazlal
Sif Muna
Trog
Uskayaw
Vehumet
Wu Jian
Yredelemnul
Zin
The Shining One

Annotations:
D:6 Pikel

#...#######.............#
#.### #.............# #.#
###.#####.##### #.#
#.#.....# #.# #K#.##### #.#
#.#.# #.####### #.#.#
#.....#.## ##.#.###
#..##.÷..###§..@..#
#............#K55§#
##.###...###......#
#.##.....###.#..##
##.##......#..#..#
#..##.........#..##########
#.##.....#.>..............#
#.#.###.#.....<..########.#
#...# #.##.....##.##
#.######


You could see Pikel and 2 lemures.


Message History

b - a scroll labelled KUGEIP TOUSOCA
r - 2 metallic black potions (gained 1)
You see here 2 stones.
Key pressed, stopping explore.
Found a stone staircase leading up.
As you read the scroll labelled KUGEIP TOUSOCA, it crumbles to dust.
It is a scroll of brand weapon.
Your +0 war axe acquires a faint afterimage.
a - a +0 spectral war axe (weapon)
Unknown command.
r - 3 metallic black potions (gained 1)
You now have 313 gold pieces (gained 13).
Key pressed, stopping explore.
Key pressed, stopping explore.
Key pressed, stopping explore.
Key pressed, stopping explore.
You now have 320 gold pieces (gained 7).
Key pressed, stopping explore.
b - a scroll of identify Key pressed, stopping explore.
There is an open door here.
There is a fountain of sparkling water here.
There is an open door here.
Key pressed, stopping explore.
Key pressed, stopping explore.
Done exploring.
You see here 2 stones.
There is a stone staircase leading up here.
You climb upwards.
Level annotation: Pikel
There is a stone staircase leading down, spattered with blood here.
Done exploring.
Done exploring.
Done exploring.
Unknown command.
There is a stone staircase leading down here.
There is a stone staircase leading down, spattered with blood here.
Pikel is nearby!
Unknown command.
Pikel shouts!
You hear a shout!
A lemure comes into view.
The lemure shouts!
A lemure comes into view.
The lemure shouts!
You closely miss Pikel.
Your +0 spectral war axe closely misses Pikel.
Pikel zaps a wand.
Your mind is blasted! 😮 HP[-21]
You take 21 damage, and now have 46/67 hp.
MASSIVE DAMAGE!! (PAUSE)
You barely miss Pikel.
Your +0 spectral war axe hits Pikel but does no damage.
Pikel zaps a wand.
Your mind is blasted!
* * * LOW HITPOINT WARNING * * *
😨 HP[-16]
You take 16 damage, and now have 30/67 hp.
MASSIVE DAMAGE!! (PAUSE)
You closely miss Pikel.
Your +0 spectral war axe hits Pikel!
Your +0 spectral war axe closely misses the lemure.
You block Pikel's attack. The lemure hits you but does no damage.
Pikel hits you with a +0 whip of electrocution.
* * * LOW HITPOINT WARNING * * *
You are electrocuted!
* * * LOW HITPOINT WARNING * * *
😱 HP[-15]
You take 15 damage, and now have 15/67 hp.
MASSIVE DAMAGE!! (PAUSE)
You closely miss Pikel. You closely miss the lemure.
Your +0 spectral war axe hits the lemure.
Your +0 spectral war axe misses Pikel.
Pikel hits you but does no damage. The lemure hits you but does no damage.
Unknown command.
You closely miss Pikel. You hit the lemure.
Your +0 spectral war axe completely misses the lemure.
Your +0 spectral war axe hits Pikel.
Pikel hits you but does no damage. The lemure barely misses you.
You slash Pikel! You hit the lemure but do no damage.
You closely miss the lemure.
Your +0 spectral war axe hits the lemure.
Your +0 spectral war axe misses the lemure.
Pikel zaps a wand.
Your mind is blasted!
* * * LOW HITPOINT WARNING * * *
The lemure closely misses you. You block the lemure's attack.
You barely miss Pikel. You barely miss the lemure. You slash the lemure!
Your +0 spectral war axe misses the lemure.
Your +0 spectral war axe closely misses the lemure.
The lemure hits you but does no damage.
Pikel hits you with a +0 whip of electrocution.
* * * LOW HITPOINT WARNING * * *
The lemure hits you but does no damage. 😱 HP[-11]
You take 11 damage, and now have 4/67 hp.
Unknown command.
You are confused.
You feel invigorated. Pikel hits you but does no damage.
You are electrocuted!
You die...

Skill      XL: |  1  2  3  4  5  6  7  8  9 |
---------------+----------------------------+-----
Armour         | 4 5 6 7 8 9 |  9.4
Axes           | 3 4 5 6 7 8 |  8.2
Fighting       | 4 |  4.9
Shields        | |  4.0

Action                     |  1- 3 |  4- 6 |  7- 9 || total
---------------------------+-------+-------+-------++-------
  Melee: War axe           |    73 |   198 |   279 ||   550
    Use: Scroll            |     5 |     4 |     6 ||    15
         Potion            |       |     1 |     3 ||     4
 Armour: Scale mail        |    24 |    90 |   101 ||   215
         Chain mail        |       |       |    74 ||    74
         Plate armour      |       |       |     7 ||     7
  Dodge: Dodged            |    34 |    99 |   102 ||   235
  Block: Buckler           |    15 |    50 |    67 ||   132

Levels and vault maps discovered:
D:1:      nagdon_arrival_double_spiral, layout_loops_ring
D:2:      layout_basic, hellmonk_ecumenical_altar_inner_sanctum, basic_altar
D:3:      cheibrodos_thug_alley, layout_basic,
          grunt_temple_overflow_magic_moments, kennysheep_crisscross,
          chequers_decorated_corner
D:4:      layout_basic, nicolae_elyvilon_peaceful_grove, skrybe_limestone_x
D:5:      layout_basic, uniq_crazy_yiuf_cottage, uniq_blork_the_orc
D:6:      layout_loops_ring, sword_in_stone, uniq_edmund, uniq_eustachio,
          uniq_pikel, uniq_duvessa
D:7:      corexii_shack_village, layout_cave_pods, temple_doors_e
Temple:   nicolae_temple_figure_eight

Notes
Turn   | Place    | Note
-------+----------+-------------------------------------------
     0 | D:1      | ytrimaz the Formicid Fighter began the quest for the Orb.
     0 | D:1      | Reached XP level 1. HP: 18/18 MP: 1/1
     0 | D:1      | magus.rc [v1.9.6]
   217 | D:1      | Reached XP level 2. HP: 24/24 MP: 2/2
   426 | D:1      | Reached XP level 3. HP: 29/29 MP: 3/3
   810 | D:2      | Reached skill level 4 in Armour
   816 | D:2      | Found a sparkling altar of Nemelex Xobeh.
   907 | D:2      | Reached skill level 3 in Axes
   992 | D:2      | Reached XP level 4. HP: 35/35 MP: 4/4
  1002 | D:2      | You pick up a book of Rime and begin reading...
  1002 | D:2      | You add the spells Frozen Ramparts, Ice Form and Summon Ice
                  | Beast to your library.
  1612 | D:2      | Found a faded altar of an unknown god.
  1796 | D:3      | Reached XP level 5. HP: 32/41 MP: 5/5
  2080 | D:3      | Found an ancient bone altar of Kikubaaqudgha.
  2087 | D:3      | Found a shimmering blue altar of Sif Muna.
  2089 | D:3      | Found a radiant altar of Vehumet.
  2104 | D:3      | Got Kikubaaqudgha's Atlas of Unspeakable Rituals
  2476 | D:3      | Noticed a kobold brigand
  2491 | D:3      | HP: 10/41 [kobold brigand/+0 club (2)]
  2495 | D:3      | Killed a kobold brigand
  2496 | D:3      | Reached skill level 4 in Axes
  2496 | D:3      | Reached skill level 5 in Armour
  2496 | D:3      | Reached XP level 6. HP: 30/47 MP: 6/6
  2677 | D:3      | You fall into a shaft and drop 1 floor!
  3336 | D:4      | You pick up a book of Frost and begin reading...
  3336 | D:4      | You add the spells Freeze and Hailstorm to your library.
  3462 | D:4      | Found a white marble altar of Elyvilon.
  3746 | D:5      | Entered Level 5 of the Dungeon
  3804 | D:5      | Found a runed translucent door.
  3805 | D:5      | Noticed Crazy Yiuf
  3890 | D:5      | Reached skill level 6 in Armour
  3950 | D:5      | Reached skill level 5 in Axes
  3972 | D:5      | Noticed Blork the orc
  3988 | D:5      | Reached XP level 7. HP: 24/52 MP: 7/7
  3990 | D:5      | Killed Blork the orc
  4645 | D:5      | Reached skill level 7 in Armour
  4741 | D:5      | Reached skill level 6 in Axes
  4811 | D:5      | Reached XP level 8. HP: 32/58 MP: 8/8
  5118 | D:5      | Killed Crazy Yiuf
  5342 | D:6      | Noticed Eustachio
  5372 | D:6      | Killed Eustachio
  5430 | D:6      | Noticed Duvessa
  5430 | D:6      | Noticed Dowan
  5444 | D:6      | Killed Duvessa
  5445 | D:6      | Reached skill level 7 in Axes
  5445 | D:6      | Reached skill level 8 in Armour
  5450 | D:6      | Killed Dowan
  5643 | D:6      | HP: 9/58 [black bear (11)]
  5961 | D:6      | Noticed Pikel
  6266 | D:6      | Reached XP level 9. HP: 41/64 MP: 9/9
  6604 | D:6      | Noticed Edmund
  6624 | D:6      | Killed Edmund
  6625 | D:6      | Reached skill level 4 in Fighting
  6625 | D:6      | Reached skill level 9 in Armour
  6676 | D:6      | Reached skill level 8 in Axes
  7273 | D:7      | Found a staircase to the Ecumenical Temple.
  7278 | Temple   | Entered the Ecumenical Temple
  7488 | Temple   | Became a worshipper of Warmaster Okawaru
  8476 | D:6      | HP: 15/67 [Pikel/+0 whip of electrocution (11)]
  8480 | D:6      | HP: 4/67 [Pikel/+0 whip of electrocution (6)]
  8481 | D:6      | Mangled by Pikel

Vanquished Creatures
  Eustachio (D:6)
  A steam dragon (D:7)
  Edmund (D:6)
  Duvessa (D:6)
  An orc warrior (D:5)
  2 black bears
  An ogre (D:5)
  2 lemures
  A phantom (D:6)
  A kobold brigand (D:3)
  Blork the orc (D:5)
  3 gnoll sergeants (D:6)
  Dowan (D:6)
  A hound (D:6)
  A jelly (D:5)
  2 orc priests
  Crazy Yiuf (D:5)
  A gnoll bouda (D:6)
  2 sleepcaps
  3 iguanas
  5 orc wizards
  3 gnolls (D:6)
  10 adders
  A white imp (D:7)
  An ufetubus (D:7)
  3 worms (D:2)
  4 dart slugs
  25 orcs
  7 ball pythons
  8 endoplasms
  4 giant cockroaches
  6 hobgoblins
  6 jackals
  24 kobolds
  3 quokkas
  A bat (D:2)
  2 frilled lizards
  13 goblins
  11 rats
165 creatures vanquished.

Vanquished Creatures (others)
  3 plants (D:7)
3 creatures vanquished.

Grand Total: 168 creatures vanquished

Table legend:
 A = Non-vault XP
 B = Vault XP
 C = Vault XP percentage of total XP
 D = Non-vault monster count
 E = Vault monster count
 F = Vault count percentage of total count
                 A         B        C        D         E       F
            +---------+---------+-------+---------+---------+-------
      Total |    1614 |    1246 |  43.6 |     128 |      35 |  21.5
            +---------+---------+-------+---------+---------+-------
        D:1 |      34 |       0 |   0.0 |      22 |       0 |   0.0
        D:2 |      90 |       0 |   0.0 |      25 |       0 |   0.0
        D:3 |      49 |     113 |  69.8 |      22 |       9 |  29.0
        D:4 |     170 |       0 |   0.0 |      22 |       0 |   0.0
        D:5 |     552 |     262 |  32.2 |      18 |       3 |  14.3
        D:6 |     443 |     840 |  65.5 |      12 |       7 |  36.8
        D:7 |     276 |      31 |  10.1 |       7 |      16 |  69.6
            +---------+---------+-------+---------+---------+-------

Illustrated notes

Table legend:
 A = Kills in this place as a percentage of kills in the entire game.
 B = Kills by you in this place as a percentage of kills by you in the entire game.
 C = Kills by friends in this place as a percentage of kills by friends in the entire game.
 D = Other kills in this place as a percentage of other kills in the entire game.
 E = Experience gained in this place as a percentage of experience gained in the entire game.
 F = Experience gained in this place divided by the number of levels of this place that you have seen.
                   A       B       C       D       E      F
               +-------+-------+-------+-------+-------+----------------------
         Total | 100.0 | 100.0 |   N/A |   N/A | 100.0 | 357.5
       Dungeon | 100.0 | 100.0 |   N/A |   N/A | 100.0 | 408.6
               +-------+-------+-------+-------+-------+----------------------

Table legend: (Time is in decaauts)
 A = Elapsed time spent in this place.
 B = Non-inter-level travel time spent in this place.
 C = Inter-level travel time spent in this place.
 D = Time resting spent in this place.
 E = Time spent auto-exploring this place.
 F = Levels seen in this place.
 G = Mean time per level.
                   A        B        C        D        E       F      G
               +--------+--------+--------+--------+--------+-----+--------+
         Total |   8632 |   8276 |    356 |    454 |   6247 |   8 | 1079.0 |
       Dungeon |   8396 |   8064 |    332 |    454 |   6044 |   7 | 1199.4 |
        Temple |    235 |    211 |     24 |      0 |    203 |   1 |  235.0 |
               +--------+--------+--------+--------+--------+-----+--------+

Top non-repeatable levels by time:
     D:5: 1777 daAuts
     D:6: 1574 daAuts
     D:3: 1272 daAuts
     D:7: 1203 daAuts
     D:2: 1040 daAuts
     D:4: 791 daAuts
     D:1: 737 daAuts
  Temple: 235 daAuts
